AoeStats
← 烏雲中

Oasis

507977078Analyzed
4v4 RM · 12d ago on Sep 20, 2026· 24m 55s· 8 players
Game mode
Random Map
Map size
Large (8 player)
Population
200
Speed
Normal
Resources
Standard
Victory
Conquest
Starting age
Dark Age
Ending age
Imperial Age
RankedLock teamsTeams togetherTeam positionsShared explorationLock speedFull tech treeHidden civsTurbo modeCheats
Victory
Defeat
🇹🇼 Maya · Taiwan
1527
+8
🇹🇼 Persians · Taiwan
1458
+11
🇹🇼 Hindustanis · Taiwan
1291
+17
🇹🇼 Magyars · Taiwan
1196
+59
🇨🇳 Britons · China
1363
-16
🇩🇪 Spanish · Germany
1329
-14
🇯🇵 Berbers · Japan
1322
-14
🇧🇷 Mongols · Brazil
1298
-13
CARRY_BERRY_JDV <3
4:10 Loom
11:40 Feudal Age
13:34 Gold Mining
15:47 Castle Age
13:57 Double-Bit Axe
14:46 Stone Mining
15:10 Horse Collar
17:14 Bow Saw
17:36 Heavy Plow
24:07 Town Watch
incolor
0:25 Loom
13:40 Feudal Age
19:49 Double-Bit Axe
hirai
11:43 Feudal Age
10:02 Loom
11:47 Feudal Age
15:51 Castle Age
13:56 Double-Bit Axe
15:23 Scale Barding Armor
20:31 Wheelbarrow
20:36 Bow Saw
21:23 Town Watch
祈求好运
6:39 Loom
8:50 Feudal Age
9:36 Double-Bit Axe
13:45 Fletching
23:53 Castle Age
21:46 Horse Collar
22:22 Gold Mining
24:01 Crossbowman
24:37 Bodkin Arrow
El Хороший
2:03 Loom
15:18 Feudal Age
15:12 Man-at-Arms
16:02 Arson
21:25 Castle Age
19:23 Double-Bit Axe
19:50 Horse Collar
20:09 Gold Mining
21:23 Pikeman
21:27 Long Swordsman
22:39 Squires
高德納
0:26 Loom
9:48 Feudal Age
13:13 Fletching
14:38 Double-Bit Axe
19:02 Horse Collar
23:17 Castle Age
21:57 Padded Archer Armor
23:22 Crossbowman
23:59 Bodkin Arrow
24:18 Bow Saw
25:01 Gold Mining
烏雲中
10:45 Feudal Age
12:28 Loom
15:26 Castle Age
13:21 Double-Bit Axe
13:21 Horse Collar
16:58 Bow Saw
23:33 Wheelbarrow
mYi | MentorSoul
6:22 Loom
8:59 Feudal Age
9:32 Double-Bit Axe
19:11 Bloodlines
19:45 Wheelbarrow
22:14 Castle Age
21:40 Scale Barding Armor
23:16 Husbandry
24:06 Chain Barding Armor
Connection lost

Rejoining the realm…

Still unreachable

The connection could not be restored.

Session expired

The server has moved on; the page needs a fresh start.